 Dungeon Sprint DCSS version 0.25-a0-258-g6d7e32a812 (webtiles) character file.

Game seed: 7172570536666439473, levelgen mode: deterministic

31076 MordorOrchid the Scorcher (level 18, -1/191 HPs)
             Began as a Red Draconian Transmuter on Dec 6, 2019.
             Was an Initiate of Gozag.
             Slain by an ettin
             ... wielding a +0 dire flail
              (34 damage)
             ... in the Dungeon (Sprint VI: "Thunderdome").
             The game lasted 01:00:53 (3553 turns).

MordorOrchid the Scorcher (DrTm)                    Turns: 3553, Time: 01:00:53

Health: -1/191     AC: 34    Str: 15    XL:     18   Next: 32%
Magic:  0/41       EV: 24    Int: 21    God:    Gozag
Gold:   9336       SH: 16    Dex: 15    Spells: 18/47 levels left

rFire    + + +     SeeInvis .     - Unarmed
rCold    + . .     Gourm    .   t - +3 shield of Activism {rPois Str+2}
rNeg     + + +     Faith    .   (armour unavailable)
rPois    ∞         Spirit   +   u - +2 hat "Piysecs" {rF+ MR++}
rElec    +         Reflect  .   r - +2 cloak "Poful" {+Blink rF+ rN+}
rCorr    .         Harm     .   (gloves currently unavailable)
MR       ++++.     Clarity  +   (boots currently unavailable) Stlth ++........NoTele +
                                o - amulet "Lunuat" {Spirit rElec rF+ Stlth+}
HPRegen  0.00/turn              p - ring "Uhiowik" {rPois rC+ MR+}
MPRegen  0.27/turn              x - ring "Teilaora" {*Drain +Inv rPois rN+ Dex+3}

@: statue-form, gold aura, very slow
A: (breathe fire), unfitting armour, antennae 1, clarity, fire resistance 1,
high mp 1, inhibited regeneration, evolution 1, cold-blooded, AC +10
}: 4/15 runes: serpentine, barnacled, elven, silver
a: End Transformation, Potion Petition, Call Merchant, Bribe Branch, Renounce
Religion, Evoke Blink, Evoke Invisibility


You were in the Dungeon.
You worshipped Gozag.
Gozag was greatly pleased with you.
You were not hungry.
You were a stone statue.
You visited 1 branch You collected 24549 gold pieces.
You spent 13258 gold pieces at shops.
You paid 1955 gold pieces to Gozag.

Inventory:

Missiles
 a - 69 arrows
 J - 29 atropa-tipped darts (quivered)
Armour
 q - the +1 pair of boots of Jerai (melded) {*Slow rCorr Str+8}
   (You bought it in a shop in the Dungeon)

   It affects your strength (+8).
   It provides partial protection from all sources of acid and corrosion.
   It may slow you when you take damage.
 r - the +2 cloak "Poful" (worn) {+Blink rF+ rN+}
   (You bought it in a shop in the Dungeon)

   It protects you from fire.
   It protects you from negative energy.
   It lets you blink.
 t - the +3 shield of Activism (worn) {rPois Str+2}
   (You bought it in a shop in the Dungeon)

   It affects your strength (+2).
   It protects you from poison.
 u - the +2 hat "Piysecs" (worn) {rF+ MR++}
   (You bought it in a shop in the Dungeon)

   It protects you from fire.
   It affects your resistance to hostile enchantments.
 v - the +2 pair of gloves of Theory (melded) {rC- rCorr Int+8 Dex+6}
   (You bought it in a shop in the Dungeon)

   It affects your intelligence (+8).
   It affects your dexterity (+6).
   It makes you vulnerable to cold.
   It provides partial protection from all sources of acid and corrosion.
Magical Staves
 e - an uncursed staff of fire
Jewellery
 m - the amulet "Wemistro" {Inacc rElec}
   (You bought it in a shop in the Dungeon)

   [amulet of inaccuracy]

   It reduces the accuracy of all your attacks.
   It insulates you from electricity.
 n - the ring of Okawaru's Condemnation {MP+9 Str+2 Int+3 Dex+2 Stlth+}
   (You bought it in a shop in the Dungeon)

   [ring of magical power]

   It affects your strength (+2).
   It affects your intelligence (+3).
   It affects your dexterity (+2).
   It affects your magic capacity (+9).
   It makes you more stealthy.
 o - the amulet "Lunuat" (around neck) {Spirit rElec rF+ Stlth+}
   (You bought it in a shop in the Dungeon)

   [amulet of guardian spirit]

   It causes incoming damage to be split between your health and magic.
   It protects you from fire.
   It insulates you from electricity.
   It makes you more stealthy.
 p - the ring "Uhiowik" (left hand) {rPois rC+ MR+}
   (You bought it in a shop in the Dungeon)

   [ring of protection from magic]

   It protects you from cold.
   It protects you from poison.
   It affects your resistance to hostile enchantments.
 w - the ring "Zumac" {+Blink rN+ Dex-4 Slay+2}
   (You bought it in a shop in the Dungeon)

   [ring of dexterity]

   It affects your dexterity (-4).
   It affects your accuracy and damage with ranged weapons and melee attacks
   (+2).
   It protects you from negative energy.
   It lets you blink.
 x - the ring "Teilaora" (right hand) {*Drain +Inv rPois rN+ Dex+3}
   (You bought it in a shop in the Dungeon)

   [ring of positive energy]

   It affects your dexterity (+3).
   It protects you from poison.
   It protects you from negative energy.
   It lets you turn invisible.
   It causes draining when unequipped.
 z - the ring "Hefras" {rF+++ MR+ Dex+5 SInv}
   (You bought it in a shop in the Dungeon)

   [ring of see invisible]

   It affects your dexterity (+5).
   It renders you almost immune to fire.
   It affects your resistance to hostile enchantments.
   It lets you see invisible.
 A - the ring "Yrpheterch" {*Contam rN+ Str+2 Dex+5}
   (You bought it in a shop in the Dungeon)

   [ring of positive energy]

   It affects your strength (+2).
   It affects your dexterity (+5).
   It protects you from negative energy.
   It causes magical contamination when unequipped.
Scrolls
 i - 9 scrolls of blinking
 k - 8 scrolls of fog
 y - 14 scrolls of remove curse
 D - 3 scrolls of silence
 E - 5 scrolls of identify
Potions
 b - 2 potions of experience
 d - 12 potions of heal wounds
 f - 8 potions of haste
 g - 13 potions of magic
 h - 6 potions of might
 j - 6 potions of brilliance
 l - 7 potions of resistance
 s - 6 potions of agility
 C - 8 potions of curing
 F - 5 potions of berserk rage
 G - a potion of lignification
 H - 3 potions of mutation
Miscellaneous
 B - a quad damage
 I - a fan of gales
Comestibles
 c - 26 rations


   Skills:
 - Level 10.0 Fighting
 - Level 16.0 Dodging
 - Level 15.0 Shields
 - Level 15.0 Unarmed Combat
 + Level 15.3 Spellcasting
 * Level 14.4 Conjurations
 - Level 4.0 Summonings
 - Level 6.0 Necromancy
 - Level 12.1 Transmutations
 * Level 17.3 Fire Magic
 - Level 4.0 Air Magic
 - Level 13.1 Earth Magic
 - Level 6.0 Evocations


You had 18 spell levels left.
You knew the following spells:

 Your Spells              Type           Power        Failure   Level  Hunger
a - Beastly Appendage     Tmut           ######       1%          1    None
h - Bolt of Magma         Conj/Fire/Erth ######....   1%          5    ###....
j - Summon Lightning Spi  Summ/Air       ####....     7%          4    None
r - Starburst             Conj/Fire      ######....   1%          6    #####..
s - Sticks to Snakes      Tmut           ######..     1%          2    None
y - Statue Form           Tmut/Erth      ######...    3%          6    #####..
E - Borgnjor's Vile Clut  Necr/Erth      ######....   1%          5    ###....

Your spell library contained the following spells:

 Spells                   Type           Power        Failure   Level  Hunger
 Spider Form              Tmut/Pois      #####.....   1%          3    None
 Petrify                  Tmut/Erth      ######..     1%          4    None
 Sticky Flame             Conj/Fire      ######..     1%          4    None
 Blade Hands              Tmut           ######....   1%          5    ###....
 Fireball                 Conj/Fire      ######....   1%          5    ###....
 Iron Shot                Conj/Erth      ######....   1%          6    #####..
 Leda's Liquefaction      Hex/Erth       #####.....   2%          4    None
 Ice Form                 Ice/Tmut       #####...     3%          4    None
 Conjure Ball Lightning   Conj/Air       ######....   13%         6    #####..
 Silence                  Hex/Air        ###.......   43%         5    ###....
 Lehudib's Crystal Spear  Conj/Erth      ######....   65%         8    #######
 Deflect Missiles         Chrm/Air       ###.......   95%         6    #####..
 Chain Lightning          Conj/Air       ######....   99%         8    #######
 Fire Storm               Conj/Fire      ######....   99%         9    #######
 Glaciate                 Conj/Ice       #####.....   100%        9    #######
 Shatter                  Erth           ######....   100%        9    #######
 Tornado                  Air            ####......   100%        9    #######


Dungeon Overview and Level Annotations

Branches:
Dungeon (1/1)

Altars:
Cheibriados
Dithmenos
Fedhas
Gozag
Kikubaaqudgha
Makhleb
Okawaru
Qazlal
Ru
Sif Muna
Trog
Uskayaw
Vehumet
Wu Jian
Xom
Yredelemnul
Zin
The Shining One
Beogh
Jiyva
Lugonu

Shops:
D *[??*?*:[((!!!!


Innate Abilities, Weirdness & Mutations

((You can breathe blasts of fire.))
((Your fiery red scales are hard. (AC +10)))
You cannot fit into any form of body armour.
Your flesh is heat resistant. (rF+)
You are cold-blooded and may be slowed by cold attacks.
You have a pair of small antennae on your head.
You possess an exceptional clarity of mind.
You have an increased reservoir of magic. (+10% MP)
You do not regenerate when monsters are visible.
You evolve.


Message History

The moth of wrath's fur bristles in rage as it notices you.
You hit the ettin but do no damage.
The ettin is no longer distracted by gold.
The ettin is almost dead.
The ettin closely misses you. The ettin hits you but does no damage.
You pummel the ettin!!
You kill the ettin!
The moth of wrath angrily waves its antennae.
The moth of wrath goads the ettin on!
The ettin goes berserk!
The ettin closely misses you. The ettin barely misses you.
The moth of wrath becomes distracted by the nearby gold, dreaming of imaginary riches.
The ettin hits you with a +0 dire flail!!!
* * * LOW HITPOINT WARNING * * *
The ettin barely misses you.
You hit the ettin.
The ettin is lightly wounded.
You block the ettin's attack.
The ettin hits you with a +0 dire flail!!!
You die...
Your body crumbles into a pile of gold.

#_...)..._# #_......._#
#_....$.._# ###....$....###
#⌠.....$.....§#
######.8[...C....8.######
##∩___...).$###......___∩##
###∩........8$# #$8C.......∩#
##.......y..C8$###.......([...
#⌠..........###$).###...[[....
#⌠......)...# #)<(# #.........
#⌠..)...[...###).(###.()......
##............)###((([........
###∩..).....8C# #.8........∩#
##∩_......C.###.[....___∩##
######.8..$......8)######
#⌠...........⌠#


You could see an ettin (berserk) and a moth of wrath.

Vanquished Creatures
  Fannar (D)
  2 thorn hunters (D)
  2 nagarajas (D)
  A merfolk avatar (D)
  A dire elephant (D)
  8 ettins (D)
  2 naga warriors (D)
  An ogre mage (D)
  A hydra (D)
  5 anacondas (D)
  A satyr (D)
  A spriggan berserker (D)
  A naga sharpshooter (D)
  2 shock serpents (D)
  A soul eater (D)
  17 skeletal warriors (D)
  A sun demon (D)
  An iron troll (D)
  A salamander mystic (D)
  2 deep trolls (D)
  An orc knight (D)
  13 shining eyes (D)
  A mana viper (D)
  3 ugly things (D)
  A faun (D)
  5 moths of wrath (D)
  A guardian serpent (D)
  A naga mage (D)
  A rust devil (D)
  3 dryads (D)
  2 hellwings (D)
  4 trolls (D)
  4 wind drakes (D)
  A slime creature (D)
  11 hornets (D)
  A hippogriff (D)
  2 air elementals (D)
  2 water elementals (D)
  A redback (D)
  A ynoxinul (D)
  A chaos spawn (D)
  7 neqoxecs (D)
  13 vampire mosquitoes (D)
  3 nagas (D)
  5 insubstantial wisps (D)
  3 water moccasins (D)
  4 ice beasts (D)
  4 sky beasts (D)
  A wolf (D)
  A phantom (D)
  A wight (D)
  A crimson imp (D)
  An orc priest (D)
  An adder (D)
  2 ogre simulacra (D)
  An adder skeleton (D)
  A worm (D)
  An orc (D)
  3 ball pythons (D)
  A bat skeleton (D)
  A goblin (D)
  A giant cockroach zombie (D)
  A jackal skeleton (D)
  A leopard gecko skeleton (D)
170 creatures vanquished.

Vanquished Creatures (collateral kills)
  A water moccasin (D)
  A ball python (D)
2 creatures vanquished.

Vanquished Creatures (others)
  12 dancing weapons (D)
  A briar patch (D)
13 creatures vanquished.

Grand Total: 185 creatures vanquished

Notes
Turn   | Place    | Note
-------+----------+-------------------------------------------
     0 | D        | MordorOrchid the Draconian Transmuter began the quest for
                  | the Orb.
     0 | D        | Reached XP level 1. HP: 16/16 MP: 3/3
     1 | D        | Found a roughly hewn altar of Beogh.
     1 | D        | Found an opulent altar of Gozag.
     2 | D        | Found an ornate altar of the Wu Jian Council.
     2 | D        | Found an ancient bone altar of Kikubaaqudgha.
     3 | D        | Found a snail-covered altar of Cheibriados.
     3 | D        | Found a radiant altar of Vehumet.
     4 | D        | Found a shimmering altar of Xom.
     4 | D        | Found a basalt altar of Yredelemnul.
     4 | D        | Found Penuadap's Magic Scroll Shop.
     4 | D        | Found Mos Qav's Staff Store.
     5 | D        | Found Waniblem's Magic Scroll Shop.
     5 | D        | Found Bigirexti's Must-Have Magic.
     5 | D        | Round 1.
     9 | D        | Became a worshipper of Gozag Ym Sagoz the Greedy
    12 | D        | Found a viscous altar of Jiyva.
    12 | D        | Found Ugosk's Delicious Food.
    12 | D        | Found Ibuffod's Jewellery.
    13 | D        | Found Exeucvoi's Advanced Armour.
    18 | D        | Found Egolehuj's Identification Station.
    18 | D        | Found a blossoming altar of Fedhas.
    19 | D        | Bought a glittering tin amulet for 45 gold pieces
    19 | D        | Bought a warped brass ring for 45 gold pieces
    19 | D        | Bought a fine copper ring for 45 gold pieces
    19 | D        | Identified the ring of Izesch {MP-9 EV+3 Dex+4 Stlth+} (You
                  | bought it in a shop in the Dungeon)
    20 | D        | Identified the amulet "Wemistro" {Inacc rElec} (You bought
                  | it in a shop in the Dungeon)
    21 | D        | Identified the ring of Okawaru's Condemnation {MP+9 Str+2
                  | Int+3 Dex+2 Stlth+} (You bought it in a shop in the
                  | Dungeon)
    22 | D        | Bought a sparkling wooden ring for 45 gold pieces
    23 | D        | Identified the ring "Uhiowik" {rPois rC+ MR+} (You bought
                  | it in a shop in the Dungeon)
    32 | D        | Found a sacrificial altar of Ru.
    51 | D        | Bought a sparkling golden amulet for 45 gold pieces
    51 | D        | Identified the amulet "Lunuat" {Spirit rElec rF+ Stlth+}
                  | (You bought it in a shop in the Dungeon)
    73 | D        | Noticed an orc priest
    78 | D        | Found a glowing silver altar of Zin.
    79 | D        | Killed an orc priest
    79 | D        | Reached XP level 2. HP: 22/25 MP: 2/5
    79 | D        | Reached XP level 3. HP: 27/30 MP: 2/7
    86 | D        | Arena points: 12 (+12) [x2]
   117 | D        | Learned a level 2 spell: Sticks to Snakes
   124 | D        | Round 2.
   133 | D        | Noticed a phantom
   136 | D        | Found a shadowy altar of Dithmenos.
   136 | D        | Found a glowing golden altar of the Shining One.
   136 | D        | Found Vonulez's Distillery.
   136 | D        | Found Oxkuesu's Distillery.
   141 | D        | Found Doseck's Bottled Wisdom.
   142 | D        | Found a corrupted altar of Lugonu.
   142 | D        | Found an iron altar of Okawaru.
   142 | D        | Found a burning altar of Makhleb.
   142 | D        | Found Cecw's Do-It-Yourself Clinic.
   172 | D        | Killed a phantom
   172 | D        | Reached skill level 5 in Unarmed Combat
   172 | D        | Reached XP level 4. HP: 26/40 MP: 2/9
   187 | D        | Found a bloodstained altar of Trog.
   189 | D        | Found a stormy altar of Qazlal.
   192 | D        | Found a hide-covered altar of Uskayaw.
   192 | D        | Found a shimmering blue altar of Sif Muna.
   192 | D        | Found Ziguog's Weapon Rack.
   192 | D        | Found Dam Kigi's Premium Goods.
   194 | D        | Found Qeiwasop's Basic Armour.
   194 | D        | Found Plog's Miscellaneous Merchandise.
   255 | D        | Arena points: 54 (+42) [x3]
   255 | D        | Reached XP level 5. HP: 37/47 MP: 11/11
   267 | D        | Bought a book of the Earth for 455 gold pieces
   273 | D        | Learned a level 5 spell: Bolt of Magma
   308 | D        | Round 3.
   309 | D        | Noticed a naga
   318 | D        | Killed a naga
   318 | D        | Reached skill level 5 in Fighting
   318 | D        | Reached skill level 2 in Fire Magic
   318 | D        | Reached XP level 6. HP: 38/56 MP: 9/12
   375 | D        | Noticed a water moccasin
   386 | D        | Killed a water moccasin
   386 | D        | Reached skill level 5 in Dodging
   386 | D        | Reached skill level 5 in Transmutations
   386 | D        | Reached skill level 3 in Fire Magic
   397 | D        | Noticed a water moccasin
   403 | D        | Killed a water moccasin
   403 | D        | Arena points: 138 (+84) [x4]
   403 | D        | Reached skill level 4 in Fire Magic
   415 | D        | Bought a brightly glowing buckler for 332 gold pieces
   420 | D        | Identified the cursed -2 buckler of Taroesk {+Blink rElec}
                  | (You bought it in a shop in the Dungeon)
   453 | D        | Round 4.
   469 | D        | Bought a scroll of remove curse for 45 gold pieces
   477 | D        | Noticed a water moccasin
   485 | D        | Killed a water moccasin
   485 | D        | Reached skill level 1 in Shields
   485 | D        | Your scales start taking on a fiery red colour.
   485 | D        | Reached skill level 5 in Fire Magic
   485 | D        | Reached XP level 7. HP: 37/61 MP: 13/13
   485 | D        | Gained mutation: Your flesh is heat resistant. (rF+) [Red
                  | Draconian growth]
   501 | D        | Reached skill level 6 in Fire Magic
   514 | D        | Reached skill level 5 in Earth Magic
   514 | D        | Arena points: 238 (+100) [x5]
   529 | D        | Round 5.
   533 | D        | Learned a level 6 spell: Statue Form
   538 | D        | Bought a pair of blackened boots for 332 gold pieces
   543 | D        | Identified the +1 pair of boots of Jerai {*Slow rCorr
                  | Str+8} (You bought it in a shop in the Dungeon)
   547 | D        | Noticed a naga warlord
   593 | D        | Killed a naga warlord
   593 | D        | Arena points: 518 (+280) [x7]
   593 | D        | Reached skill level 10 in Unarmed Combat
   593 | D        | Reached skill level 7 in Fire Magic
   593 | D        | Reached XP level 8. HP: 7/69 MP: 1/14
   594 | D        | Got a serpentine rune of Zot
   613 | D        | Bought 3 potions of heal wounds for 105 gold pieces
   613 | D        | Bought 3 potions of heal wounds for 105 gold pieces
   620 | D        | Reached skill level 5 in Spellcasting
   620 | D        | Reached XP level 9. HP: 14/74 MP: 5/16
   621 | D        | Bought 6 potions of brilliance for 168 gold pieces
   781 | D        | Round 6.
   801 | D        | Reached skill level 8 in Fire Magic
   846 | D        | Bought 2 rations for 40 gold pieces
   910 | D        | Reached skill level 5 in Conjurations
   922 | D        | Arena points: 902 (+384) [x8]
   946 | D        | Bought a heavily runed cloak for 332 gold pieces
   951 | D        | Identified the +2 cloak "Poful" {+Blink rF+ rN+} (You
                  | bought it in a shop in the Dungeon)
   971 | D        | Round 7.
   972 | D        | Noticed an iron troll
   983 | D        | Noticed a troll
   990 | D        | Noticed a troll
   992 | D        | Noticed a deep troll
   993 | D        | Noticed a troll
   994 | D        | Noticed a troll
  1000 | D        | Killed an iron troll
  1000 | D        | Reached XP level 10. HP: 62/82 MP: 10/19
  1007 | D        | Killed a deep troll
  1007 | D        | Reached skill level 9 in Fire Magic
  1033 | D        | Noticed a deep troll
  1048 | D        | Killed a deep troll
  1049 | D        | Arena points: 958 (+56) [x1]
  1059 | D        | Round 8.
  1060 | D        | Noticed a soul eater
  1071 | D        | Killed a soul eater
  1071 | D        | Reached skill level 10 in Transmutations
  1127 | D        | Noticed a sun demon
  1131 | D        | Noticed a rust devil
  1135 | D        | Killed a sun demon
  1135 | D        | Reached skill level 10 in Earth Magic
  1139 | D        | Killed a rust devil
  1147 | D        | Reached XP level 11. HP: 40/88 MP: 14/21
  1164 | D        | Arena points: 1022 (+64) [x1]
  1179 | D        | Round 9.
  1182 | D        | Gained mutation: You are weak. (Str -2) [a neqoxec]
  1184 | D        | Gained mutation: Your magical capacity is low. (-10% MP) [a
                  | neqoxec]
  1185 | D        | Gained mutation: You tend to lose your temper in combat. [a
                  | neqoxec]
  1187 | D        | Gained mutation: Your magical capacity is very low. (-20%
                  | MP) [a neqoxec]
  1192 | D        | Gained mutation: You are very weak. (Str -4) [a neqoxec]
  1197 | D        | Reached skill level 10 in Dodging
  1198 | D        | Gained mutation: You have sharp toenails. [a neqoxec]
  1229 | D        | Arena points: 1166 (+144) [x2]
  1239 | D        | Round 10.
  1244 | D        | Noticed a dimme
  1281 | D        | Killed a dimme
  1281 | D        | Arena points: 1526 (+360) [x4]
  1282 | D        | Got a barnacled rune of Zot
  1303 | D        | Bought 3 potions of mutation for 168 gold pieces
  1303 | D        | Lost mutation: You are very weak. (Str -4) [potion of
                  | mutation]
  1303 | D        | Lost mutation: You are weak. (Str -2) [potion of mutation]
  1303 | D        | Gained mutation: Potions are less effective at restoring
                  | your health. [potion of mutation]
  1303 | D        | Gained mutation: Your tail ends in a poisonous barb.
                  | [potion of mutation]
  1304 | D        | Lost mutation: You have sharp toenails. [potion of
                  | mutation]
  1304 | D        | Lost mutation: Your tail ends in a poisonous barb. [potion
                  | of mutation]
  1304 | D        | Gained mutation: Your flesh is cold resistant. (rC+)
                  | [potion of mutation]
  1304 | D        | Gained mutation: You expend magic power (3 MP) to
                  | strengthen your wands. [potion of mutation]
  1304 | D        | Gained mutation: You have supernaturally acute eyesight.
                  | (SInv) [potion of mutation]
  1305 | D        | Lost mutation: Your magical capacity is very low. (-20% MP)
                  | [potion of mutation]
  1305 | D        | Lost mutation: Your magical capacity is low. (-10% MP)
                  | [potion of mutation]
  1305 | D        | Gained mutation: You have an increased reservoir of magic.
                  | (+10% MP) [potion of mutation]
  1305 | D        | Gained mutation: You are agile. (Dex +2) [potion of
                  | mutation]
  1306 | D        | Bought 2 potions of mutation for 112 gold pieces
  1306 | D        | Lost mutation: You expend magic power (3 MP) to strengthen
                  | your wands. [potion of mutation]
  1306 | D        | Lost mutation: You are agile. (Dex +2) [potion of mutation]
  1306 | D        | Gained mutation: Your spells are a little easier to cast,
                  | but a little less powerful. [potion of mutation]
  1306 | D        | Gained mutation: You have sharp fingernails. [potion of
                  | mutation]
  1307 | D        | Lost mutation: Your flesh is cold resistant. (rC+) [potion
                  | of mutation]
  1307 | D        | Lost mutation: Your spells are a little easier to cast, but
                  | a little less powerful. [potion of mutation]
  1307 | D        | Lost mutation: Potions are less effective at restoring your
                  | health. [potion of mutation]
  1307 | D        | Lost mutation: You tend to lose your temper in combat.
                  | [potion of mutation]
  1307 | D        | Gained mutation: You have a pair of small antennae on your
                  | head. [potion of mutation]
  1307 | D        | Gained mutation: Your muscles are strong. (Str +2) [potion
                  | of mutation]
  1308 | D        | Reached skill level 5 in Shields
  1308 | D        | Reached skill level 5 in Evocations
  1308 | D        | Reached XP level 12. HP: 69/100 MP: 20/26
  1333 | D        | Bought a pitted shield for 332 gold pieces
  1338 | D        | Identified the +3 shield of Activism {rPois Str+2} (You
                  | bought it in a shop in the Dungeon)
  1343 | D        | Bought an ancient hat for 315 gold pieces
  1343 | D        | Bought a pair of faintly glowing gloves for 332 gold pieces
  1348 | D        | Identified the +2 hat "Piysecs" {rF+ MR++} (You bought it
                  | in a shop in the Dungeon)
  1353 | D        | Identified the +2 pair of gloves of Theory {rC- rCorr Int+8
                  | Dex+6} (You bought it in a shop in the Dungeon)
  1359 | D        | Bought a scintillating glass ring for 45 gold pieces
  1359 | D        | Bought a crude granite ring for 45 gold pieces
  1360 | D        | Identified the cursed ring "Zumac" {+Blink rN+ Dex-4
                  | Slay+2} (You bought it in a shop in the Dungeon)
  1362 | D        | Identified the ring "Teilaora" {*Drain +Inv rPois rN+
                  | Dex+3} (You bought it in a shop in the Dungeon)
  1366 | D        | Bought 2 rations for 40 gold pieces
  1366 | D        | Bought 2 rations for 40 gold pieces
  1366 | D        | Bought 2 rations for 40 gold pieces
  1366 | D        | Bought 2 rations for 40 gold pieces
  1366 | D        | Bought 2 rations for 40 gold pieces
  1377 | D        | Bought 15 scrolls of remove curse for 450 gold pieces
  1389 | D        | Bought a smoking steel ring for 45 gold pieces
  1389 | D        | Bought a crude turquoise ring for 45 gold pieces
  1391 | D        | Identified the ring "Hefras" {rF+++ MR+ Dex+5 SInv} (You
                  | bought it in a shop in the Dungeon)
  1393 | D        | Identified the ring "Yrpheterch" {*Contam rN+ Str+2 Dex+5}
                  | (You bought it in a shop in the Dungeon)
  1416 | D        | Lost mutation: Your muscles are strong. (Str +2) [mutagenic
                  | glow]
  1447 | D        | Round 11.
  1518 | D        | Noticed an ogre mage
  1548 | D        | Noticed a four-headed hydra
  1557 | D        | Killed a four-headed hydra
  1560 | D        | Killed an ogre mage
  1565 | D        | Reached skill level 10 in Shields
  1584 | D        | Arena points: 2186 (+660) [x5]
  1604 | D        | Round 12.
  1759 | D        | Arena points: 2978 (+792) [x6]
  1784 | D        | Round 13.
  1957 | D        | Arena points: 4252 (+1274) [x7]
  1968 | D        | Bought a quad damage for 400 gold pieces
  1968 | D        | Bought a potion of brilliance for 80 gold pieces
  1983 | D        | Round 14.
  1984 | D        | Bought 3 potions of heal wounds for 105 gold pieces
  1984 | D        | Bought 3 potions of heal wounds for 105 gold pieces
  1984 | D        | Bought 3 potions of heal wounds for 105 gold pieces
  1984 | D        | Bought 4 potions of curing for 84 gold pieces
  1984 | D        | Bought 4 potions of curing for 84 gold pieces
  2035 | D        | Reached XP level 13. HP: 80/108 MP: 22/27
  2152 | D        | Arena points: 5820 (+1568) [x8]
  2165 | D        | Bought a book of Annihilations for 772 gold pieces
  2165 | D        | Bought a book of the Sky for 455 gold pieces
  2175 | D        | Bought 3 scrolls of silence for 225 gold pieces
  2175 | D        | Bought 5 scrolls of fog for 100 gold pieces
  2175 | D        | Bought 5 scrolls of blinking for 375 gold pieces
  2181 | D        | Round 15.
  2211 | D        | Noticed Fannar
  2234 | D        | Killed Fannar
  2234 | D        | Identified the Handbook of the Dusty Arsonist (You found it
                  | in the Dungeon)
  2234 | D        | Arena points: 7470 (+1650) [x10]
  2235 | D        | Got an elven rune of Zot
  2242 | D        | Learned a level 5 spell: Borgnjor's Vile Clutch
  2242 | D        | Reached XP level 14. HP: 118/118 MP: 16/28
  2249 | D        | Bought 2 rations for 40 gold pieces
  2249 | D        | Bought 2 rations for 40 gold pieces
  2249 | D        | Bought 2 rations for 40 gold pieces
  2249 | D        | Bought 2 rations for 40 gold pieces
  2249 | D        | Bought 2 rations for 40 gold pieces
  2249 | D        | Bought 2 rations for 40 gold pieces
  2249 | D        | Bought 2 rations for 40 gold pieces
  2249 | D        | Bought 2 rations for 40 gold pieces
  2249 | D        | Bought 2 rations for 40 gold pieces
  2249 | D        | Bought 2 rations for 40 gold pieces
  2249 | D        | Bought 2 rations for 40 gold pieces
  2258 | D        | Bought 3 scrolls of identify for 150 gold pieces
  2258 | D        | Bought 3 scrolls of identify for 150 gold pieces
  2258 | D        | Bought 3 scrolls of identify for 150 gold pieces
  2275 | D        | Bought 50 arrows for 300 gold pieces
  2302 | D        | Bought a bloodstained large shield for 332 gold pieces
  2302 | D        | Bought a slimy cloak for 332 gold pieces
  2302 | D        | Bought a pair of crude boots for 332 gold pieces
  2302 | D        | Bought a pair of twisted gloves for 332 gold pieces
  2302 | D        | Identified the cursed -1 large shield "Sohisowk" {rN+} (You
                  | bought it in a shop in the Dungeon)
  2304 | D        | Identified the cursed +0 cloak of the Serpent {Str+2} (You
                  | bought it in a shop in the Dungeon)
  2306 | D        | Identified the cursed +0 pair of gloves of Action {rElec
                  | rPois rCorr} (You bought it in a shop in the Dungeon)
  2308 | D        | Identified the +2 pair of boots "Exzaujuh" {+Inv rPois rC-
                  | SInv} (You bought it in a shop in the Dungeon)
  2338 | D        | Bought a potion of experience for 300 gold pieces
  2338 | D        | Reached XP level 15. HP: 125/125 MP: 29/29
  2412 | D        | Round 16.
  2433 | D        | Reached skill level 15 in Unarmed Combat
  2477 | D        | Reached skill level 10 in Fighting
  2491 | D        | Reached skill level 10 in Fire Magic
  2505 | D        | Reached skill level 15 in Shields
  2536 | D        | Arena points: 9758 (+2288) [x11]
  2547 | D        | Learned a level 6 spell: Starburst
  2556 | D        | Round 17.
  2566 | D        | Noticed a nagaraja
  2573 | D        | Reached skill level 11 in Fire Magic
  2585 | D        | Killed a nagaraja
  2597 | D        | Reached skill level 10 in Spellcasting
  2640 | D        | Noticed a nagaraja
  2648 | D        | Killed a nagaraja
  2648 | D        | Reached skill level 12 in Fire Magic
  2666 | D        | Arena points: 13022 (+3264) [x12]
  2716 | D        | Round 18.
  2755 | D        | Reached skill level 10 in Conjurations
  2759 | D        | Noticed a thorn hunter
  2779 | D        | Noticed a thorn hunter
  2781 | D        | Killed a thorn hunter
  2785 | D        | Reached skill level 15 in Dodging
  2791 | D        | Killed a thorn hunter
  2791 | D        | Reached skill level 13 in Fire Magic
  2812 | D        | Arena points: 16766 (+3744) [x13]
  2844 | D        | Learned a level 4 spell: Summon Lightning Spire
  2856 | D        | Bought a potion of experience for 300 gold pieces
  2856 | D        | Reached XP level 16. HP: 57/134 MP: 19/34
  2857 | D        | Bought 2 potions of experience for 600 gold pieces
  2857 | D        | Reached XP level 17. HP: 60/140 MP: 19/35
  2864 | D        | Bought 6 potions of might for 168 gold pieces
  2864 | D        | Bought 6 potions of agility for 168 gold pieces
  2864 | D        | Bought 5 potions of haste for 350 gold pieces
  2864 | D        | Bought 6 potions of magic for 336 gold pieces
  2864 | D        | Bought 6 potions of magic for 336 gold pieces
  2864 | D        | Bought 5 potions of berserk rage for 175 gold pieces
  2864 | D        | Bought a potion of lignification for 21 gold pieces
  2864 | D        | Bought 6 potions of resistance for 420 gold pieces
  2873 | D        | Round 19.
  2921 | D        | Gained mutation: Your spells are a little harder to cast,
                  | but a little more powerful. [a shining eye]
  2928 | D        | Lost mutation: You have an increased reservoir of magic.
                  | (+10% MP) [a shining eye]
  2932 | D        | Gained mutation: Potions are less effective at restoring
                  | your health. [a shining eye]
  2947 | D        | Gained mutation: Your body sometimes deteriorates upon
                  | taking damage. [a shining eye]
  2948 | D        | Gained mutation: You are weak. (Str -2) [a shining eye]
  2949 | D        | Reached XP level 18. HP: 93/147 MP: 25/34
  2950 | D        | Lost mutation: Your body sometimes deteriorates upon taking
                  | damage. [a shining eye]
  2953 | D        | Lost mutation: You have supernaturally acute eyesight.
                  | (SInv) [a shining eye]
  2959 | D        | Gained mutation: You occasionally shout uncontrollably at
                  | your foes. [a shining eye]
  2961 | D        | Gained mutation: You do not regenerate when monsters are
                  | visible. [a shining eye]
  2963 | D        | Gained mutation: You are clumsy. (Dex -2) [a shining eye]
  2966 | D        | Gained mutation: You possess an exceptional clarity of
                  | mind. [a shining eye]
  2969 | D        | Gained mutation: You are dopey. (Int -2) [a shining eye]
  2970 | D        | Gained mutation: Your body sometimes deteriorates upon
                  | taking damage. [a shining eye]
  2972 | D        | Gained mutation: Your magical capacity is low. (-10% MP) [a
                  | shining eye]
  2972 | D        | Lost mutation: Your spells are a little harder to cast, but
                  | a little more powerful. [a shining eye]
  2975 | D        | Gained mutation: Your spells are a little easier to cast,
                  | but a little less powerful. [a shining eye]
  2977 | D        | Gained mutation: Your body often deteriorates upon taking
                  | damage. [a shining eye]
  2981 | D        | Reached skill level 14 in Fire Magic
  2981 | D        | Gained mutation: You are frail. (-10% HP) [a shining eye]
  2984 | D        | Gained mutation: You are very clumsy. (Dex -4) [a shining
                  | eye]
  2986 | D        | Gained mutation: You are very weak. (Str -4) [a shining
                  | eye]
  2988 | D        | Gained mutation: Your spells are easier to cast, but less
                  | powerful. [a shining eye]
  2991 | D        | Arena points: 20490 (+3724) [x14]
  3004 | D        | Bought 3 potions of mutation for 168 gold pieces
  3004 | D        | Lost mutation: Your magical capacity is low. (-10% MP)
                  | [potion of mutation]
  3004 | D        | Lost mutation: You occasionally shout uncontrollably at
                  | your foes. [potion of mutation]
  3004 | D        | Lost mutation: Your spells are easier to cast, but less
                  | powerful. [potion of mutation]
  3004 | D        | Gained mutation: You have sharp toenails. [potion of
                  | mutation]
  3005 | D        | Lost mutation: Your body often deteriorates upon taking
                  | damage. [potion of mutation]
  3005 | D        | Lost mutation: You are very clumsy. (Dex -4) [potion of
                  | mutation]
  3005 | D        | Gained mutation: You evolve. [potion of mutation]
  3005 | D        | Lost mutation: You evolve. [potion of mutation]
  3005 | D        | Lost mutation: You have sharp toenails. [potion of
                  | mutation]
  3005 | D        | Gained mutation: You can translocate small distances at
                  | will. [potion of mutation]
  3006 | D        | Lost mutation: You are clumsy. (Dex -2) [potion of
                  | mutation]
  3006 | D        | Lost mutation: Your body sometimes deteriorates upon taking
                  | damage. [potion of mutation]
  3006 | D        | Lost mutation: You have sharp fingernails. [potion of
                  | mutation]
  3006 | D        | Gained mutation: You have an increased reservoir of magic.
                  | (+10% MP) [potion of mutation]
  3006 | D        | Lost mutation: You are very weak. (Str -4) [potion of
                  | mutation]
  3006 | D        | Gained mutation: You have a pair of antennae on your head.
                  | [potion of mutation]
  3006 | D        | Gained mutation: Your flesh is very heat resistant. (rF++)
                  | [potion of mutation]
  3007 | D        | Bought 2 potions of mutation for 112 gold pieces
  3007 | D        | Bought a potion of mutation for 56 gold pieces
  3007 | D        | Lost mutation: Your spells are a little easier to cast, but
                  | a little less powerful. [potion of mutation]
  3007 | D        | Lost mutation: You are frail. (-10% HP) [potion of
                  | mutation]
  3007 | D        | Lost mutation: Your flesh is very heat resistant. (rF++)
                  | [potion of mutation]
  3007 | D        | Lost mutation: You are weak. (Str -2) [potion of mutation]
  3008 | D        | Lost mutation: You are dopey. (Int -2) [potion of mutation]
  3008 | D        | Lost mutation: Potions are less effective at restoring your
                  | health. [potion of mutation]
  3008 | D        | Lost mutation: You can translocate small distances at will.
                  | [potion of mutation]
  3008 | D        | Lost mutation: You have a pair of antennae on your head.
                  | [potion of mutation]
  3008 | D        | Gained mutation: You evolve. [potion of mutation]
  3010 | D        | Bought 2 potions of mutation for 112 gold pieces
  3063 | D        | Round 20.
  3078 | D        | Noticed Mara
  3085 | D        | Noticed MordorOrchid's illusion
  3123 | D        | Arena points: 24650 (+4160) [x16]
  3124 | D        | Got a silver rune of Zot
  3320 | D        | Round 21.
  3381 | D        | Reached skill level 15 in Fire Magic
  3429 | D        | Arena points: 31076 (+6426) [x17]
  3445 | D        | Round 22.
  3462 | D        | Reached skill level 16 in Fire Magic
  3541 | D        | Reached skill level 15 in Spellcasting
  3542 | D        | Reached skill level 17 in Fire Magic
  3553 | D        | Slain by an ettin

Levels and vault maps discovered:
D:        arena_sprint

Skill      XL: |  1  2  3  4  5  6  7  8  9 10 11 12 13 14 15 16 17 18 |
---------------+-------------------------------------------------------+-----
Dodging        | 2 3 4 6 8 9 10 15 16 | 16.0
Fighting       | 2 4 5 7 8 9 10 | 10.0
Unarmed Combat | 4 5 6 7 8 10 11 12 13 14 15 | 15.0
Evocations     | 2 3 4 5 6 |  6.0
Spellcasting   | 3 4 5 6 7 8 11 12 15 | 15.3
Transmutations | 3 4 5 6 7 11 12 | 12.1
Fire Magic     | 2 5 7 8 9 13 17 | 17.3
Earth Magic    | 2 4 6 7 10 11 12 13 | 13.1
Shields        | 1 4 5 12 13 15 | 15.0
Conjurations   | 4 5 6 10 14 | 14.4
Necromancy     | 4 6 |  6.0
Summonings     | 3 4 |  4.0
Air Magic      | 4 |  4.0

Action                   |  1- 3 |  4- 6 |  7- 9 | 10-12 | 13-15 | 16-18 || total
-------------------------+-------+-------+-------+-------+-------+-------++-------
Melee: Unarmed           |    34 |    37 |    54 |   293 |   226 |   196 ||   840
       Kick              |    11 |     2 |       |     9 |       |       ||    22
       Tailslap          |     3 |     2 |    13 |    48 |    35 |    35 ||   136
       Punch             |     1 |       |     2 |    11 |       |       ||    14
       Headbutt          |     1 |     5 |    14 |     2 |       |       ||    22
 Cast: Beastly Appendage |     5 |     7 |     7 |     1 |       |       ||    20
       Sticks to Snakes  |       |     4 |     3 |     1 |       |       ||     8
       Statue Form       |       |       |     2 |     8 |     6 |     5 ||    21
       Bolt of Magma     |       |       |       |    11 |    10 |     4 ||    25
       Borgnjor's Vile C |       |       |       |       |     2 |       ||     2
       Starburst         |       |       |       |       |     1 |       ||     1
Invok: Potion Petition   |       |       |     2 |       |     3 |       ||     5
 Abil: Breathe Fire      |       |       |     9 |     7 |     4 |     3 ||    23
       End Transformatio |       |       |       |     3 |     2 |       ||     5
       Evoke Invisibilit |       |       |       |     1 |       |       ||     1
Evoke: Wand              |     5 |     4 |     1 |       |     4 |       ||    14
  Use: Potion            |     1 |     1 |     6 |     9 |     4 |     7 ||    28
       Scroll            |       |     1 |       |     1 |     4 |       ||     6
 Stab: Distracted        |       |       |     2 |     2 |     2 |     1 ||     7
       Invisible         |       |       |       |     6 |       |       ||     6
  Eat: Ration            |       |       |     1 |     4 |     2 |     2 ||     9
Armor: Skin              |     7 |    11 |    12 |   105 |    59 |    51 ||   245
Dodge: Dodged            |    17 |    27 |    42 |   250 |   126 |   104 ||   566
Block: Shield            |       |       |       |    56 |   206 |   127 ||   389

Table legend:
 A = Non-vault XP
 B = Vault XP
 C = Vault XP percentage of total XP
 D = Non-vault monster count
 E = Vault monster count
 F = Vault count percentage of total count
                 A         B        C        D         E       F
            +---------+---------+-------+---------+---------+-------
      Total |   96503 |       0 |   0.0 |     184 |       0 |   0.0
            +---------+---------+-------+---------+---------+-------
          D |   96503 |       0 |   0.0 |     184 |       0 |   0.0
            +---------+---------+-------+---------+---------+-------
